Map: Acropolis LE

Players

Mez

  • Race: Terran Terran
  • League: Master
  • Spawn Location: 5:00

Dave - Winner!

  • Race: Terran Terran
  • League: Master
  • Spawn Location: 11:00

VOD

Have the link to the VOD?

Description

Time

  • Played on: Aug. 13, 2019, 10:54 a.m.
  • Length: 11:55
Show
View Real Time Build Order
Export as new Build Order

Mez Terran 

Build Orders: Liberator Opening, Reaper Expand 

Get SALT Encoding   

  12  0:00  SCV  
  13  0:13  SCV  
  14  0:17  Supply Depot  
  14  0:25  SCV  
  15  0:39  SCV  
  15  0:40  Barracks  
  16  0:44  Refinery  
  16  0:51  SCV  
  17  1:03  SCV  
  18  1:15  SCV  
  19  1:28  Reaper, Orbital Command  
  20  1:40  Command Center  
  20  1:51  Supply Depot  
  20  1:54  SCV  
  21  2:01  Marine  
  21  2:06  SCV  
  23  2:13  Factory  
  23  2:17  Refinery  
  22  2:24  Reaper  
  22  2:26  SCV  
  24  2:38  SCV  
  25  2:53  Orbital Command  
  24  2:59  Hellion  
  24  3:01  Barracks Reactor  
  25  3:10  SCV  
  26  3:20  SCV  
  26  3:22  SCV, Starport  
  28  3:37  SCV  
  28  3:38  SCV  
  30  3:43  Liberator, Barracks Tech Lab  
  30  3:44  Hellion x2  
  34  3:49  SCV  
  34  3:50  SCV  
  34  3:52  Supply Depot  
  36  4:01  SCV  
  36  4:02  SCV  
  41  4:04  Marauder  
  41  4:06  Stimpack  
  43  4:10  Hellion  
  43  4:14  Hellion  
  47  4:20  SCV x2  
  49  4:28  Command Center, Marauder  
  51  4:32  SCV  
  45  4:52  Marauder  
  43  4:59  SCV x2  
  44  5:05  Barracks  
  42  5:08  Starport Reactor, Barracks  
  42  5:11  SCV x2  
  42  5:12  Engineering Bay, Barracks  
  42  5:13  Factory Reactor  
  44  5:14  Engineering Bay, Supply Depot  
  44  5:21  Marine  
  44  5:23  SCV x2  
  44  5:25  Refinery  
  44  5:27  Refinery  
  47  5:35  SCV x2  
  44  5:44  Terran Infantry Armor Level 1, Terran Infantry Weapons Level 1  
  44  5:46  Orbital Command  
  44  5:47  SCV x2  
  44  5:59  SCV  
  44  6:00  SCV  
  46  6:08  Factory Tech Lab  
  46  6:09  Marine x5  
  46  6:10  Medivac x2  
  51  6:11  SCV  
  51  6:12  SCV  
  52  6:24  SCV x2  
  54  6:32  Orbital Command  
  54  6:33  Combat Shield, Supply Depot  
  54  6:34  Marine x3  
  54  6:35  Marine x2  
  54  6:36  SCV x2  
  54  6:37  Siege Tank  
  64  6:48  SCV x2  
  64  6:52  Marine x3  
  64  6:53  Barracks  
  69  6:55  Marine, Barracks  
  69  7:00  SCV x2  
  69  7:01  Supply Depot  
  73  7:02  SCV, Supply Depot  
  73  7:07  Medivac x2  
  78  7:10  Marine  
  78  7:11  Marine x2  
  78  7:12  Siege Tank, SCV x2  
  85  7:20  Supply Depot  
  85  7:22  SCV  
  86  7:23  Armory  
  86  7:24  SCV x2  
  88  7:34  SCV  
  88  7:36  SCV x2  
  89  7:37  Viking x2  
  89  7:38  Marine x5  
  95  7:46  SCV  
  93  7:56  Marine x6  
  92  8:05  Siege Tank, Marine  
  90  8:13  Marine  
  90  8:14  Marine x5  
  94  8:23  Marine  
  94  8:26  Viking x2  
  95  8:31  Marine  
  95  8:32  Marine x5  
  101  8:41  Marine  
  101  8:42  SCV x3  
  99  8:49  Siege Tank, Marine x4  
  99  8:54  SCV x2  
  108  9:03  Marine  
  109  9:13  Orbital Command  
  109  9:29  Marine  
  109  9:37  Marine x2  
  109  9:38  Marine x4  
  109  9:43  Siege Tank  
  99  9:49  SCV x3  
  99  9:50  Factory  
  103  9:55  Marine x3  
  103  9:56  Marine x2  
  103  9:57  Command Center  
  103  9:59  Barracks Reactor x2  
  107  10:01  SCV x2  
  107  10:07  Supply Depot  
  109  10:08  Supply Depot  
  109  10:09  SCV  
  109  10:13  SCV x2  
  112  10:21  SCV  
  112  10:24  Marine  
  112  10:25  SCV  
  109  10:28  Marine  
  109  10:29  Marine x3  
  113  10:42  Marine  
  113  10:44  Refinery  
  113  10:45  Marine x4  
  113  10:46  Marine x4  
  121  10:50  Refinery  
  121  10:51  Refinery  
  121  11:00  Marine  
  121  11:03  Marine x4  
  126  11:05  Marine  
  126  11:06  Siege Tank, Marine x3  
  126  11:07  Factory Tech Lab  
  133  11:13  Medivac x2  
  133  11:18  Marine  
  138  11:20  Marine  
  138  11:21  Marine  
  129  11:27  Marine x2  
  129  11:28  Marine x4  
  138  11:33  Engineering Bay  
  138  11:35  Marine  
  138  11:36  Missile Turret  
  138  11:37  Missile Turret  
Show
View Real Time Build Order
Export as new Build Order

Dave Terran - Winner!

Build Orders: Cyclone Opening 

Get SALT Encoding   

  12  0:01  SCV  
  13  0:13  SCV  
  14  0:17  Supply Depot  
  14  0:25  SCV  
  15  0:38  SCV  
  15  0:40  Barracks  
  16  0:43  Refinery  
  16  0:50  SCV  
  16  0:56  Refinery  
  17  1:03  SCV  
  18  1:15  SCV  
  19  1:27  Reaper, Orbital Command  
  19  1:30  Supply Depot  
  20  1:43  Factory  
  20  1:53  SCV  
  21  1:59  Reaper  
  22  2:05  SCV  
  23  2:17  SCV  
  23  2:27  Factory Tech Lab  
  23  2:29  SCV  
  24  2:31  Reaper  
  24  2:36  Command Center  
  25  2:41  SCV  
  26  2:47  Supply Depot  
  26  2:54  Cyclone  
  26  2:57  SCV  
  30  3:09  SCV  
  30  3:11  Barracks Reactor  
  31  3:14  Starport  
  31  3:21  SCV  
  31  3:26  Cyclone  
  35  3:33  SCV  
  36  3:34  Refinery  
  36  3:45  SCV  
  36  3:48  Marine x2  
  40  3:56  Orbital Command  
  40  3:59  SCV  
  40  4:08  Marine x2, Factory Tech Lab  
  40  4:09  Raven  
  44  4:11  SCV  
  45  4:23  SCV  
  46  4:25  Supply Depot  
  46  4:26  Marine  
  46  4:28  Siege Tank, Supply Depot  
  50  4:35  SCV  
  50  4:44  SCV  
  47  4:47  SCV  
  47  4:49  Marine x2  
  47  4:51  Raven  
  52  4:56  SCV  
  52  4:59  SCV  
  54  5:05  Siege Tank  
  53  5:07  Marine  
  53  5:08  SCV  
  53  5:12  SCV  
  53  5:13  Marine  
  57  5:20  SCV  
  55  5:24  SCV  
  55  5:26  Refinery  
  55  5:27  Command Center  
  55  5:38  SCV  
  55  5:39  SCV  
  57  5:44  Siege Tank  
  60  5:50  SCV  
  60  5:52  Supply Depot, Liberator  
  60  5:53  Supply Depot x2  
  60  5:56  SCV  
  62  6:01  Marine, Liberator  
  62  6:03  Stimpack  
  63  6:05  SCV  
  68  6:11  SCV  
  68  6:17  SCV  
  69  6:19  Marine  
  73  6:30  SCV  
  73  6:31  Siege Tank, SCV  
  78  6:36  Engineering Bay  
  78  6:37  Engineering Bay, Marine  
  78  6:39  Orbital Command  
  79  6:43  SCV  
  80  6:52  Viking  
  82  6:56  SCV x2  
  82  6:57  Marine  
  85  7:01  Viking  
  85  7:03  Siege Tank  
  85  7:07  Terran Infantry Armor Level 1  
  90  7:08  SCV, Terran Infantry Weapons Level 1  
  90  7:10  SCV  
  91  7:15  Barracks  
  91  7:17  Barracks  
  91  7:19  Orbital Command  
  91  7:20  SCV  
  92  7:24  Marine  
  92  7:25  Viking  
  92  7:28  SCV  
  95  7:30  Supply Depot x3  
  95  7:31  Refinery  
  95  7:33  SCV  
  96  7:37  Siege Tank  
  96  7:40  SCV  
  98  7:44  Refinery  
  98  7:45  SCV  
  98  7:51  Marine  
  100  7:52  SCV x2  
  100  7:57  SCV  
  98  8:02  Viking x2  
  98  8:04  SCV x2  
  101  8:09  Barracks Reactor, Siege Tank, SCV  
  101  8:10  Armory  
  105  8:16  SCV  
  105  8:17  SCV  
  107  8:21  SCV  
  107  8:25  Barracks Reactor  
  106  8:30  SCV  
  106  8:31  Sensor Tower  
  106  8:32  Viking x2, Marine  
  106  8:33  SCV x2  
  114  8:36  Supply Depot  
  114  8:37  Supply Depot  
  114  8:46  Marine x2  
  115  8:50  Marine  
  115  8:55  Barracks  
  116  8:56  Barracks  
  116  8:57  Factory  
  116  9:01  Marine  
  117  9:04  Marine x2  
  117  9:05  Terran Infantry Armor Level 2, Terran Infantry Weapons Level 2  
  117  9:06  Medivac x2  
  117  9:07  Terran Vehicle Weapons Level 1  
  121  9:16  Marine x2  
  122  9:17  SCV  
  122  9:18  Marine  
  122  9:19  Siege Tank  
  122  9:20  Command Center  
  127  9:31  Marine x2  
  127  9:37  Marine x3  
  131  9:43  Barracks Reactor  
  131  9:44  Barracks Reactor, Factory Tech Lab  
  119  9:49  Marine x2  
  119  9:51  Siege Tank  
  121  9:53  Medivac  
  121  9:54  Medivac  
  121  9:55  Marine x3  
  128  10:01  Supply Depot x2  
  128  10:04  Missile Turret  
  128  10:06  Missile Turret  
  128  10:07  Missile Turret, Marine x2  
  128  10:08  Sensor Tower  
  128  10:10  Siege Tank  
  128  10:13  Marine x3  
  136  10:23  Siege Tank, Medivac  
  136  10:27  Marine x5  
  146  10:29  Marine  
  146  10:30  Medivac  
  146  10:31  Marine x2  
  146  10:35  Marine  
  143  10:42  Siege Tank  
  138  10:43  SCV x3  
  138  10:45  Marine  
  142  10:51  Missile Turret  
  142  10:52  Marine  
  142  10:53  Marine x2, Supply Depot  
  142  10:55  Siege Tank  
  148  11:00  Marine x3  
  148  11:02  Sensor Tower  
  148  11:03  Missile Turret  
  150  11:06  Marine  
  150  11:09  Medivac  
  150  11:10  Medivac  
  150  11:11  Marine x2  
  156  11:14  Siege Tank, Planetary Fortress  
  156  11:16  Marine x2  
  159  11:21  Marine  
  159  11:22  Marine  
  161  11:31  Marine  
  161  11:32  Marine  
  164  11:37  Refinery, SCV x2  
  164  11:38  Refinery  
Tags
 
Add a new tag
Caveats
  • Supply blocks, unpowered buildings, or Contaminate may cause inaccurate times.
  • Supply counts are checked every 10 seconds.